Match 47233334
Unlisted

Match 47233334
End
Vickers Machine Gun Team
Construct Section Command Post
Dingo Light Scout Car
Dingo Light Scout Car
Selects Australian Defense Battlegroup
Selects Australian Light Infantry Section
Selects 2-pounder Anti-tank Gun Team
2-pounder Anti-tank Gun Team
Australian Light Infantry Section
Construct Platoon Command Post
Australian Light Infantry Section
Construct Company Command Post
Royal Engineer Section
Selects Vehicle Over Repair
Crusader II Medium Tank
Crusader II Medium Tank
Selects CMP 15cwt Supply Run
CMP 15cwt Supply Run
Armored Vehicle Training
Crusader II Medium Tank
Selects Reinforced Resource Caches
Unlock M3 Grant Medium Tanks
CMP 15cwt Supply Run
Selects Charged Creeping Barrage
Charged Creeping Barrage
Australian Light Infantry Section
6-pounder Anti-tank Gun Team
M3 Grant Medium Tank
Gear-IV-D
Bego
UMirinBrah?
帝国大机霸贝克尔少校
0
0

Comments sign in to comment!

No comments posted yet!